 Dungeon Crawl Stone Soup version 0.18.1-48-g4cf74bf (webtiles) character file.

2559 WarriorsX the Fighter (level 9, -2/74 HPs)
             Began as a Human Fighter on July 29, 2016.
             Killed by divine providence
             ... invoked by an orc priest
              (13 damage)
             ... on level 6 of the Dungeon.
             The game lasted 00:33:13 (7703 turns).

WarriorsX the Fighter (Human Fighter)               Turns: 7703, Time: 00:33:14

Health: -2/74      AC: 17    Str: 20    XL:     9   Next: 86%
Magic:  8/8        EV:  1    Int: 10    God:
Gold:   326        SH: 17    Dex: 13    Spells: 0 memorised, 8 levels left

rFire  + . .     SeeInvis .     o - +0 falchion (flame)
rCold  . . .     Gourm    .     n - +2 plate armour {rF+}
rNeg   . . .     Faith    .     j - +2 large shield
rPois  .         Spirit   .     (no helmet)
rElec  .         Dismiss  .     (no cloak)
rCorr  .         Reflect  .     (no gloves)
SustAt .         Harm     .     (no boots)
MR     .....     Clarity  +     (no amulet)
Stlth  ..........               (no ring)
                                (no ring)

@: not resistant to hostile enchantments, extremely unstealthy
A: molten scales 2, clarity, clever 1, low mp 1
a: no special abilities


You were on level 6 of the Dungeon.
You were near starving.

You visited 1 branch of the dungeon, and saw 6 of its levels.

You collected 326 gold pieces.

Inventory:

Hand Weapons
 a - a +0 long sword
 o - a +0 falchion of flaming (weapon)
 A - a +2 flail of holy wrath
Armour
 b - a +0 scale mail
 c - a +0 shield
 j - a +2 large shield (worn)
 n - a +2 plate armour of fire resistance (worn)
 z - a +2 buckler
 I - a +0 helmet
Jewellery
 e - an uncursed ring of fire
 H - an uncursed ring of flight
Wands
 x - a wand of lightning (6/15)
 E - a wand of teleportation (6/9)
 G - a wand of iceblast (6/15)
 K - a wand of iceblast (10/15)
 L - a wand of lightning (8/15)
Scrolls
 g - a scroll of immolation {unknown}
 i - 3 scrolls of identify {unknown}
 k - a scroll of random uselessness {unknown}
 m - 2 scrolls of teleportation {unknown}
 r - 5 scrolls of remove curse {unknown}
 t - 3 scrolls of enchant weapon {unknown}
 v - 2 scrolls of enchant armour {unknown}
 y - a scroll of magic mapping {unknown}
 D - 2 scrolls of noise {unknown}
Potions
 d - 4 potions of might
 p - 3 potions of curing {unknown}
 q - a potion of haste {unknown}
 s - 2 potions of invisibility {unknown}
 u - 2 potions of brilliance {unknown}
 F - a potion of cancellation {unknown}
 J - a potion of degeneration {unknown}
Comestibles
 f - 3 bread rations
 h - a slice of pizza
 l - 14 fruits
 w - a beef jerky
 B - a royal jelly
 C - a meat ration


   Skills:
 - Level 8.2 Fighting
 + Level 6.8 Long Blades
 - Level 6.0 Armour
 - Level 6.3 Shields


You had 8 spell levels left.
You didn't know any spells.

Dungeon Overview and Level Annotations

Branches:
Dungeon (6/15)
 Temple: D:4-7

Altars:
Makhleb
Sif Muna

Annotations:
D:5 Menkaure
D:6 TBriggs11TB's ghost, novice MiFi


Innate Abilities, Weirdness & Mutations

You are mostly covered in molten scales (AC +3, EV -1).
You possess an exceptional clarity of mind.
Your mind is acute. (Int +2)
Your magical capacity is low (-10% MP).


Message History

The orc priest calls down the wrath of Beogh upon you.
Beogh smites you!
* * * LOW HITPOINT WARNING * * *
The orc wizard gestures wildly while chanting.
The orc wizard flickers and vanishes!
Deactivating autopickup; reactivate with Ctrl-A.
The orc priest invokes the aid of Beogh against you.
Pain shoots through your body!
* * * LOW HITPOINT WARNING * * *
Found a dagger.
The orc priest invokes the aid of Beogh against you.
You struggle to resist.
A puff of flame appears from out of thin air!
The puff of flame hits you!
You see here a dagger.
A puff of flame appears from out of thin air!
The puff of flame hits you! You resist.
The orc priest invokes the aid of Beogh against you.
Beogh smites you!
You die...

.(######...(....# ####
#........##. o..
...#####..........o.......#
#o#
...........5....###.......#
#{#
.........##.######........
#.#
####........###..........#
#.# ###.....>......##..#
#..# #.#
##..(##.........##.####.#
#o#
.........##.....@..##...#
##.###
.#.####5#######..)......##
#..... ...# #(...##
###.#...#oo###..... .###
##.....## #.#..###...o.....
(### #.......#
..##............. .(.#
#.......#
..###.#######..... .#(#
#.......##.. ##.# #.....
##.####......##.. ...#
#.....
#..##...........#.###
####.#


You could see an orc priest.

Vanquished Creatures
  The ghost of Thomus the Magician, an amateur DsWz of Xom (D:5)
  The ghost of Thomus the Magician, an amateur DsWz (D:4)
  Sigmund (D:4)
  2 sky beasts (D:5)
  A black bear (D:6)
  3 ogres
  A phantom (D:4)
  2 centaurs (D:6)
  A giant frog (D:5)
  A gnoll sergeant (D:2)
  3 scorpions
  4 crimson imps
  2 hounds (D:6)
  An orc priest (D:3)
  2 gnoll shamans (D:2)
  A centaur skeleton (D:6)
  2 iguanas (D:4)
  Natasha (twice) (D:2)
  An orc wizard (D:6)
  3 worker ants (D:4)
  A hound skeleton (D:5)
  2 adders
  37 gnolls
  3 dart slugs
  2 giant geckos
  7 orcs
  2 ball pythons (D:1)
  4 bats
  9 giant cockroaches
  8 goblins
  7 hobgoblins
  21 jackals
  8 kobolds
  2 quokkas
  7 giant newts
  A quokka skeleton (D:5)
  9 rats
165 creatures vanquished.

Notes
Turn   | Place    | Note
--------------------------------------------------------------
     0 | D:1      | WarriorsX the Human Fighter began the quest for the Orb.
     0 | D:1      | Reached XP level 1. HP: 18/18 MP: 1/1
   143 | D:1      | Reached XP level 2. HP: 23/24 MP: 2/2
   699 | D:1      | Reached XP level 3. HP: 26/29 MP: 3/3
  1308 | D:2      | Noticed Natasha
  1329 | D:2      | Killed Natasha
  1329 | D:2      | Reached XP level 4. HP: 14/35 MP: 4/4
  1330 | D:2      | Found a deep blue altar of Sif Muna.
  1729 | D:2      | Noticed Natasha
  1739 | D:2      | Killed Natasha
  2007 | D:3      | Reached XP level 5. HP: 10/41 MP: 5/5
  2623 | D:3      | Reached XP level 6. HP: 46/47 MP: 6/6
  2695 | D:3      | Reached skill level 5 in Armour
  3395 | D:3      | Reached XP level 7. HP: 50/52 MP: 7/7
  3798 | D:2      | Reached skill level 5 in Shields
  4478 | D:4      | Reached XP level 8. HP: 57/58 MP: 8/8
  4552 | D:4      | Noticed Thomus's ghost (amateur DsWz)
  4666 | D:5      | Entered Level 5 of the Dungeon
  4685 | D:5      | Gained mutation: You possess an exceptional clarity of mind. [mutagenic meat]
  4686 | D:5      | Gained mutation: Your mind is acute. (Int +2) [mutagenic meat]
  4688 | D:5      | Gained mutation: You regenerate slowly when monsters are visible. [mutagenic meat]
  5097 | D:5      | Reached skill level 4 in Fighting
  5250 | D:5      | Noticed Thomus's ghost (amateur DsWz)
  5278 | D:5      | Killed Thomus's ghost
  5278 | D:5      | Reached skill level 5 in Fighting
  5404 | D:5      | Paralysed by fainting for 8 turns
  5520 | D:5      | Reached skill level 6 in Fighting
  5539 | D:5      | Gained mutation: You are partially covered in molten scales (AC +1). [mutagenic meat]
  5540 | D:5      | Gained mutation: Your magical capacity is low (-10% MP). [mutagenic meat]
  5541 | D:5      | Gained mutation: You are robust (+10% HP). [mutagenic meat]
  5542 | D:5      | Gained mutation: You are mostly covered in molten scales (AC +3, EV -1). [mutagenic meat]
  5543 | D:5      | Lost mutation: You regenerate slowly when monsters are visible. [mutagenic meat]
  5544 | D:5      | Lost mutation: You are robust (+10% HP). [mutagenic meat]
  5781 | D:5      | Found a burning altar of Makhleb.
  5856 | D:5      | Noticed Menkaure
  5896 | D:4      | Reached XP level 9. HP: 35/71 MP: 8/8
  6123 | D:4      | Reached skill level 7 in Fighting
  6174 | D:4      | Noticed Sigmund
  6181 | D:4      | Killed Thomus's ghost
  6220 | D:4      | Killed Sigmund
  6220 | D:4      | Reached skill level 8 in Fighting
  6828 | D:6      | Reached skill level 5 in Long Blades
  7272 | D:6      | Noticed TBriggs11TB's ghost (novice MiFi)
  7703 | D:6      | Killed from afar by an orc priest

Skill      XL: |  1  2  3  4  5  6  7  8  9 |
---------------+----------------------------+-----
Long Blades    | 3 4 6 |  6.8
Armour         | 4 6 |  6.0
Shields        | 5 6 |  6.3
Fighting       | 6 8 |  8.2

Action                   |  1- 3 |  4- 6 |  7- 9 || total
-------------------------+-------+-------+-------++-------
Melee: Long sword        |   110 |    50 |       ||   160
       Falchion          |       |   252 |   821 ||  1073
  Eat: Chunk             |     1 |     8 |    19 ||    28
       Meat ration       |       |       |     1 ||     1
Armor: Scale mail        |    56 |       |       ||    56
       Plate armour      |     9 |   178 |   343 ||   530
Dodge: Dodged            |    33 |    10 |    27 ||    70
Block: Large shield      |    47 |   287 |   720 ||  1054
